 Dungeon Crawl Stone Soup version 0.20.1-1-g8b1a95d (webtiles) character file.

1549 qnqnx the Geomancer (level 8, -6/38 HPs)
             Began as a Gargoyle Earth Elementalist on Jan 7, 2018.
             Mangled by a two-headed ogre
             ... wielding a +0 giant spiked club
              (12 damage)
             ... on level 8 of the Dungeon.
             The game lasted 00:37:23 (4194 turns).

qnqnx the Geomancer (Gargoyle Earth Elementalist)   Turns: 4194, Time: 00:37:27

Health: -6/38      AC:  9    Str: 12    XL:     8   Next: 87%
Magic:  9/17       EV: 12    Int: 18    God:
Gold:   281        SH:  0    Dex: 10    Spells: 9/19 levels left

rFire    . . .     SeeInvis .   v - +0 whip
rCold    . . .     Gourm    .   (no shield)
rNeg     + . .     Faith    .   p - +0 robe
rPois    ∞         Spirit   .   (helmet restricted)
rElec    +         Reflect  .   t - +0 cloak
rCorr    .         Harm     .   N - +0 pair of gloves
MR       +....                  (no boots)
Stlth    ++........             k - amulet of magic regeneration
Regen    0.2/turn               D - ring of protection from magic
MPRegen  0.3/turn               O - ring of wizardry

@: no status effects
A: horns 1, talons 1, frail 1, negative energy resistance 1, electricity
resistance, unbreathing, petrification resistance, rot immunity, AC +5
a: no special abilities


You were on level 8 of the Dungeon.
You were very hungry.

You visited 1 branch of the dungeon, and saw 8 of its levels.

You collected 281 gold pieces.

Inventory:

Hand Weapons
 j - a +0 club
 v - a +0 whip (weapon)
Missiles
 b - 138 stones (quivered)
Armour
 c - a +0 robe
 g - a +0 cloak
 n - a +0 robe
 o - a +0 robe
 p - a +0 robe (worn)
 t - a +0 cloak (worn)
 z - a +0 robe
 N - a +0 pair of gloves (worn)
Jewellery
 k - an amulet of magic regeneration (around neck)
 q - an uncursed ring of positive energy
 D - a ring of protection from magic (left hand)
 O - a ring of wizardry (right hand)
Wands
 s - a wand of confusion (25/48)
 A - a wand of lightning (4/15)
 B - a wand of digging (6/24)
 G - a wand of enslavement (5/24)
Scrolls
 f - 6 scrolls of teleportation {unknown}
 h - a scroll of recharging {unknown}
 i - 7 scrolls of identify {unknown}
 l - 4 scrolls of remove curse {unknown}
 u - a scroll of enchant armour {unknown}
 w - a scroll of immolation {unknown}
 y - 2 scrolls of magic mapping {unknown}
 C - a scroll of fog {unknown}
 I - a scroll of random uselessness {unknown}
Potions
 a - 2 potions of mutation
 r - a potion of curing
 E - a potion of cancellation
 H - a potion of degeneration {unknown}
 K - 3 potions of heal wounds {unknown}
 L - a potion of lignification {unknown}
 M - a potion of flight {unknown}
Books
 e - a book of Geomancy

   Spells                             Type                      Level
   a - Sandblast                      Earth                        1
   b - Passwall                       Transmutation/Earth          2
   c - Stone Arrow                    Conjuration/Earth            3
   d - Petrify                        Transmutation/Earth          4
   e - Lee's Rapid Deconstruction     Earth                        5
 F - a book of Maledictions

   Spells                             Type                      Level
   a - Corona                         Hexes                        1
   b - Ensorcelled Hibernation        Hexes/Ice                    2
   c - Confuse                        Hexes                        3
   d - Tukima's Dance                 Hexes                        3
   e - Dazzling Spray                 Conjuration/Hexes            3
Comestibles
 d - 2 bread rations
 m - 6 royal jellies
 x - 5 meat rations
 J - 7 fruits


   Skills:
 + Level 1.2 Fighting
 + Level 1.3 Maces & Flails
 + Level 2.7 Dodging
 + Level 2.9 Stealth
 + Level 6.0 Spellcasting
 + Level 1.5 Transmutations
 + Level 9.8 Earth Magic


You had 9 spell levels left.
You knew the following spells:

 Your Spells              Type           Power        Failure   Level  Hunger
a - Sandblast             Erth           #####.       1%          1    None
b - Petrify               Tmut/Erth      ####....     4%          4    ####...
c - Lee's Rapid Deconstr  Erth           #####.....   2%          5    #####..


Dungeon Overview and Level Annotations

Branches:
Dungeon (8/15)
 Temple: D:4-7         Lair: D:8-11

Altars:
Trog
The Shining One

Annotations:
D:3 Ijyb
D:5 qnqnx's ghost, amateur GrEE
D:7 Menkaure


Innate Abilities, Weirdness & Mutations

You are resistant to torment.
Your stone body is resilient. (AC +5)
You are immune to poison.
You resist negative energy. (rN+)
You are resistant to electric shocks. (rElec)
You can survive without breathing.
You are immune to petrification.
You are immune to rotting.
You have a pair of small horns on your head.
You have sharp toenails.
You are frail. (-10% HP)


Message History

Confirm with . or Enter, or press ? or * to list all spells.
Aiming: Sandblast
Press: ? - help, Shift-Dir - straight line, f/p - two-headed ogre
Aim: a two-headed ogre, wielding a giant spiked club and a dire flail The blast of sand hits the hound.
You kill the hound!
b - 139 stones
Casting: Sandblast
Confirm with . or Enter, or press ? or * to list all spells.
Aiming: Sandblast
Press: ? - help, Shift-Dir - straight line, f/p - two-headed ogre
Aim: a two-headed ogre, wielding a giant spiked club and a dire flail The blast of sand hits the two-headed ogre.
The two-headed ogre is moderately wounded.
b - 138 stones The two-headed ogre hits you with a giant spiked club!!
Ouch! That really hurt!
* * * LOW HITPOINT WARNING * * *
The two-headed ogre hits you with a dire flail!
You die...

###### #### #..<.# .>.
######
###.##.###.#.##.[..###
#...........#.#.......#
#.##......@.#.........#
# #......O## #.......#
#.......####.......#
####...............#
#...............#
##...............#
#.....)..........#
#....^...........#
#................#


You could see a two-headed ogre.

Vanquished Creatures
  Grinder (D:6)
  An orc warrior (D:6)
  An ice beast (D:5)
  2 sky beasts
  3 ogres
  A centaur (D:3)
  2 bullfrogs (D:6)
  A scorpion (D:5)
  2 howler monkeys (D:7)
  A crimson imp (D:5)
  A hound (D:8)
  A bullfrog skeleton (D:4)
  A jelly (D:8)
  An orc priest (D:6)
  4 worker ants
  3 gnolls (D:2)
  5 adders
  A shadow imp (D:6)
  An adder zombie (D:6)
  A worm (D:2)
  3 dart slugs
  5 leopard geckos
  11 orcs
  5 giant cockroaches
  2 goblins (D:1)
  10 hobgoblins
  6 jackals
  3 kobolds
  2 quokkas
  7 bats
  8 frilled lizards
  7 rats
103 creatures vanquished.

Notes
Turn   | Place    | Note
-------+----------+-------------------------------------------
     0 | D:1      | qnqnx the Gargoyle Earth Elementalist began the quest for the Orb.
     0 | D:1      | Reached XP level 1. HP: 10/10 MP: 3/3
   144 | D:1      | Reached skill level 4 in Earth Magic
   161 | D:1      | Reached XP level 2. HP: 15/15 MP: 0/5
   436 | D:1      | Reached XP level 3. HP: 16/19 MP: 1/6
  1163 | D:2      | Reached skill level 5 in Earth Magic
  1169 | D:2      | Reached XP level 4. HP: 18/24 MP: 0/7
  2052 | D:3      | Noticed a centaur
  2057 | D:3      | Killed a centaur
  2057 | D:3      | Reached XP level 5. HP: 28/28 MP: 4/9
  2317 | D:3      | Noticed Ijyb
  2364 | D:3      | Noticed a moth of wrath
  2366 | D:3      | Found a bloodstained altar of Trog.
  2535 | D:4      | Noticed a sky beast
  2548 | D:4      | Reached skill level 6 in Earth Magic
  2548 | D:4      | Reached XP level 6. HP: 23/32 MP: 7/11
  2559 | D:4      | Killed a sky beast
  2565 | D:4      | Learned a level 4 spell: Petrify
  2571 | D:4      | Learned a level 5 spell: Lee's Rapid Deconstruction
  2977 | D:4      | Reached skill level 7 in Earth Magic
  3081 | D:4      | Reached XP level 7. HP: 36/36 MP: 10/13
  3263 | D:5      | Entered Level 5 of the Dungeon
  3365 | D:5      | Reached skill level 1 in Maces & Flails
  3365 | D:5      | Reached skill level 1 in Transmutations
  3374 | D:5      | Gained mutation: You are frail. (-10% HP) [potion of mutation]
  3374 | D:5      | Gained mutation: You have a pair of small horns on your head. [potion of mutation]
  3374 | D:5      | Gained mutation: You have sharp toenails. [potion of mutation]
  3511 | D:5      | Reached skill level 5 in Spellcasting
  3511 | D:5      | Reached skill level 8 in Earth Magic
  3511 | D:5      | Reached XP level 8. HP: 11/37 MP: 0/15
  3627 | D:5      | Found a glowing golden altar of the Shining One.
  3664 | D:5      | Noticed qnqnx's ghost (amateur GrEE)
  3860 | D:6      | Noticed Grinder
  3880 | D:6      | Paralysed by Grinder for 5 turns
  3885 | D:6      | Killed Grinder
  3885 | D:6      | Reached skill level 1 in Fighting
  3885 | D:6      | Reached skill level 9 in Earth Magic
  4033 | D:7      | Noticed Menkaure
  4157 | D:8      | Noticed a two-headed ogre
  4194 | D:8      | Mangled by a two-headed ogre

Skill      XL: |  1  2  3  4  5  6  7  8 |
---------------+-------------------------+-----
Earth Magic    | 4 5 6 7 8 9 |  9.8
Spellcasting   | 3 4 5 6 |  6.0
Dodging        | 2 |  2.7
Maces & Flails | 1 |  1.3
Transmutations | 1 |  1.5
Fighting       | 1 |  1.2
Stealth        | |  2.9

Action                   |  1- 3 |  4- 6 |  7- 9 || total
-------------------------+-------+-------+-------++-------
Melee: Club              |    10 |    14 |       ||    24
       Unarmed           |     4 |       |       ||     4
       Whip              |       |    41 |    35 ||    76
       Kick              |       |       |     8 ||     8
       Headbutt          |       |       |     4 ||     4
 Cast: Sandblast         |    46 |    44 |    50 ||   140
       Petrify           |       |     5 |    11 ||    16
       Lee's Rapid Decon |       |     2 |     6 ||     8
  Use: Potion            |       |       |     6 ||     6
 Stab: Sleeping          |       |     1 |       ||     1
  Eat: Chunk             |       |     6 |     3 ||     9
       Bread ration      |       |     1 |       ||     1
       Fruit             |       |       |     2 ||     2
Armor: Robe              |    11 |    31 |    22 ||    64
Dodge: Dodged            |    13 |    51 |    33 ||    97
